 Dungeon Crawl Stone Soup version 0.30.0-5-g1a98f26d00 (webtiles) character file.

Game seed: 13877158014812385983

11597 hawla the Arsonist (level 12, -6/85 HPs)
             Began as a Meteoran Fire Elementalist on May 12, 2023.
             Was an Elder of Vehumet.
             Mangled by a chaos spawn (10 damage)
             ... summoned by an orc high priest
             ... on level 2 of the Orcish Mines.
             The game lasted 00:32:17 (5283 turns).

hawla the Arsonist (Meteoran Fire Elementalist)     Turns: 5283, Time: 00:32:17

Health: -6/85      AC: 11    Str: 11    XL:     12   Next: 37%
Magic:  11/27      EV: 20    Int: 21    God:    Vehumet [****..]
Gold:   464        SH:  0    Dex: 15    Spells: 12/31 levels left

rFire   . . .        j - +2 lajatang
rCold   . . .        (shield currently unavailable)
rNeg    . . .        a - +2 robe
rPois   .            q - +1 helmet
rElec   .            (no cloak)
rCorr   +            B - +1 pair of gloves
SInv    .            l - +2 pair of boots
Will    +....        (no amulet)
Stlth   +            o - +5 ring of evasion
HPRegen 0.34/turn    A - ring of resist corrosion
MPRegen 0.20/turn

%: no passive effects
@: confused, ambrosia-drunk, glowing
A: sense surroundings 2, otherworldly, glowing, explore regen
a: Renounce Religion


You were on level 2 of the Orcish Mines.
You worshipped Vehumet.
Vehumet was greatly pleased with you.
You visited 3 branches of the dungeon, and saw 13 of its levels.

You collected 815 gold pieces.
You spent 351 gold pieces at shops.

Inventory:

Hand Weapons
 c - a +0 flail of holy wrath
 j - a +2 lajatang (weapon)
Armour
 a - a +2 robe (worn)
 l - a +2 pair of boots (worn)
 q - a +1 helmet (worn)
 B - a +1 pair of gloves (worn)
Magical Staves
 D - a staff of fire
Jewellery
 o - a +5 ring of evasion (left hand)
 A - a ring of resist corrosion (right hand)
 F - an amulet of reflection
 I - a +5 ring of evasion
Wands
 b - a wand of mindburst (4)
 t - a wand of charming (4)
 E - a wand of digging (8)
 G - a wand of quicksilver (5)
 J - a wand of flame (5)
Scrolls
 d - 2 scrolls of blinking
 i - a scroll of amnesia
 m - 2 scrolls of magic mapping
 p - 3 scrolls of fear
 x - a scroll of poison
 y - 2 scrolls of teleportation
Potions
 f - 3 potions of curing
 g - a potion of might
 h - 3 potions of haste
 r - 2 potions of cancellation
 w - 2 potions of ambrosia
 z - a potion of flight
 L - a potion of resistance


   Skills:
 - Level 2.1 Fighting
 - Level 5.3 Short Blades
 - Level 4.8 Staves
 - Level 6.1 Dodging
 - Level 1.4 Stealth
 - Level 10.3 Spellcasting
 - Level 7.1 Conjurations
 + Level 13.3 Fire Magic
 - Level 7.5 Poison Magic
 - Level 3.0 Evocations


You had 12 spell levels left.
You knew the following spells:

 Your Spells              Type           Power      Damage    Failure   Level
a - Foxfire               Conj/Fire      100%       2x1d9     1%          1
b - Scorch                Fire           100%       2d9       1%          2
c - Flame Wave            Conj/Fire      52%        2d13      1%          4
d - Olgreb's Toxic Radia  Pois           42%        N/A       1%          4
e - Ignition              Fire           30%        3d10      38%         8

Your spell library contained the following spells:

 Spells                   Type           Power      Damage    Failure   Level
 Yara's Violent Unravell  Hex/Tmut       5%         3d4       41%         5
 Inner Flame              Hex/Fire       38%        N/A       1%          3
 Volatile Blastmotes      Fire/Tloc      76%        2d16      1%          3
 Lesser Beckoning         Tloc           20%        N/A       10%         2
 Gell's Gravitas          Tloc           10%        N/A       19%         3
 Teleport Other           Tloc           10%        N/A       19%         3
 Discord                  Hex            5%         N/A       100%        8


Dungeon Overview and Level Annotations

Branches:
Dungeon (10/15) Zot: 1177  Temple (1/1) D:5 Zot: 583    Lair (0/5) D:9
    Orc (2/2) D:10 Zot: 730
    Elf: Orc:2

Altars:
Ashenzari
Cheibriados
Dithmenos
Elyvilon
Fedhas
Kikubaaqudgha
Makhleb
Nemelex Xobeh
Okawaru
Ru
Trog
Uskayaw
Vehumet
Xom
Yredelemnul
The Shining One

Shops:
D:8 (   D:10 *   Orc:1 ?


Innate Abilities, Weirdness & Mutations

You passively map the area around you.
You are easily found by Zot.
You glow in the dark.
You regain HP and MP as you explore.


Message History

You hear a shout!
The chaos spawn gores you!
You feel your power leaking away.
The orc high priest calls down the wrath of Beogh upon you.
Beogh smites you! The orange demon completely misses you.
Unknown command.
Okay, then.
The orc high priest attacks as you move away!
The orc high priest hits you with a +0 dire flail.
The chaos spawn attacks as you move away!
The chaos spawn hits you. The chaos spawn shocks you!
The orc high priest invokes the aid of Beogh against you.
Beogh smites you!
The chaos spawn hits you but does no damage.
The orc high priest attacks as you move away!
The orc high priest closely misses you.
The smoke demon attacks as you move away!
The smoke demon completely misses you. The smoke demon closely misses you.
The smoke demon hits you but does no damage.
The orc priest looks satisfied for a moment.
The orc high priest invokes the aid of Beogh against you.
Pain shoots through your body!
The orc priest invokes the aid of Beogh against you.
Beogh smites you!
* * * LOW HITPOINT WARNING * * *
The smoke demon completely misses you. The smoke demon misses you.
The smoke demon barely misses you.
You are confused.
You feel invigorated. The chaos spawn misses you.
The orc priest casts a cantrip, but nothing happens.
The smoke demon gestures at you. Beogh smites you!
* * * LOW HITPOINT WARNING * * *
You bump into the rock wall.
The chaos spawn barely misses you.
The orc high priest utters an invocation to Beogh.
The orc high priest hits you with a +0 dire flail!
* * * LOW HITPOINT WARNING * * *
The chaos spawn attacks as you move away!
The chaos spawn hits you!
You die...

........##. **
.......##.##
#.).......### ,,
#).....#.##.## ,
#)......##...##
#...#.o.4#..#.## ,,
#...#.oo.......#
,##....)..43o##.##
,##..)....#..3@...#
####...###.####4##.##
......#..### ### *#
..........# ** *
.#.#.....####,,,, *
..#.#...###.., ,,,,*
.........#... , *
............#** *
...#..#..#.## ,


You could see 2 orc high priests, a sun demon (summoned), an orange demon
(summoned, expiring), an ice devil (summoned), a smoke demon (summoned), a chaos
spawn (summoned) and 2 orc priests.

Vanquished Creatures
  2 orc high priests (Orc:2)
  An orc knight (Orc:1)
  An orc sorcerer (Orc:2)
  An unseen horror (D:10)
  An unseen horror zombie (D:8)
  2 trolls (Orc:1)
  A hornet (D:6)
  10 yaks
  4 wyverns (D:9)
  2 steam dragons
  3 wargs
  2 acid dragons
  4 water moccasins
  8 orc warriors
  2 sky beasts (D:8)
  4 black bears
  3 ogres
  3 wolves (D:9)
  A centaur (D:9)
  A phantom (D:5)
  4 kobold brigands
  4 gnoll sergeants
  4 bullfrogs
  5 scorpions
  5 wights (D:9)
  5 killer bees
  A howler monkey (D:5)
  7 hounds
  7 centaur zombies (D:8)
  14 orc priests
  2 gnoll boudas
  4 jellies
  A sleepcap (D:4)
  2 iguanas
  5 orc wizards
  A killer bee zombie (D:8)
  24 gnolls
  12 adders
  A shadow imp (D:5)
  An ufetubus (D:7)
  2 worms
  2 dart slugs
  49 orcs
  2 bats (D:1)
  5 endoplasms
  A giant cockroach (D:2)
  5 goblins
  4 hobgoblins
  A jackal (D:3)
  25 kobolds
  5 quokkas
  4 ball pythons
  3 frilled lizards
  3 rats
276 creatures vanquished.

Vanquished Creatures (others)
  305 foxfires
305 creatures vanquished.

Grand Total: 581 creatures vanquished

Notes
Turn   | Place    | Note
-------+----------+-------------------------------------------
     0 | D:1      | hawla the Meteoran Fire Elementalist began the quest for
                  | the Orb.
     0 | D:1      | Reached XP level 1. HP: 14/14 MP: 5/5
    17 | D:1      | Reached XP level 2. HP: 11/20 MP: 2/6
    78 | D:2      | Reached skill level 4 in Fire Magic
   170 | D:2      | Reached XP level 3. HP: 26/26 MP: 2/8
   200 | D:2      | Learned a level 2 spell: Scorch
   252 | D:3      | Found a faded altar of an unknown god.
   261 | D:3      | Reached XP level 4. HP: 33/33 MP: 5/9
   271 | D:3      | Learned a level 4 spell: Flame Wave
   629 | D:4      | Reached XP level 5. HP: 36/38 MP: 0/10
   864 | D:4      | Reached XP level 6. HP: 35/45 MP: 3/11
   942 | D:4      | Found a sparkling altar of Nemelex Xobeh.
   951 | D:4      | Reached skill level 1 in Short Blades
  1354 | D:5      | Entered Level 5 of the Dungeon
  1412 | D:5      | You fall into a shaft and drop 1 floor!
  1431 | D:6      | Noticed an ogre
  1435 | D:6      | Reached XP level 7. HP: 50/50 MP: 9/12
  1467 | D:6      | Reached skill level 5 in Short Blades
  1506 | D:6      | Reached skill level 5 in Fire Magic
  1534 | D:6      | Noticed a hornet
  1539 | D:6      | Killed a hornet
  1540 | D:6      | Reached skill level 5 in Conjurations
  1540 | D:6      | Reached XP level 8. HP: 24/58 MP: 9/14
  1575 | D:6      | Found a snail-covered altar of Cheibriados.
  1795 | D:6      | Noticed a steam dragon
  1799 | D:6      | Killed a steam dragon
  1800 | D:6      | Reached skill level 6 in Fire Magic
  2195 | D:6      | Reached skill level 5 in Spellcasting
  2333 | D:7      | Found a white marble altar of Elyvilon.
  2388 | D:7      | Reached skill level 1 in Evocations
  2555 | D:7      | Gained mutation: You passively map the area around you.
                  | [Meteoran growth]
  2555 | D:7      | Reached XP level 9. HP: 50/63 MP: 0/17
  2751 | D:7      | Found a broken altar of Ashenzari.
  2961 | D:5      | Reached skill level 1 in Fighting
  3067 | D:5      | Reached skill level 7 in Fire Magic
  3176 | D:5      | Found a staircase to the Ecumenical Temple.
  3311 | Temple   | Entered the Ecumenical Temple
  3319 | Temple   | Became a worshipper of Vehumet
  3423 | D:8      | Reached skill level 1 in Staves
  3458 | D:8      | Reached skill level 8 in Fire Magic
  3458 | D:8      | Reached XP level 10. HP: 71/71 MP: 8/22
  3521 | D:8      | Reached * piety under Vehumet
  3521 | D:8      | Offered knowledge of Shock by Vehumet.
  3630 | D:8      | Found a basalt altar of Yredelemnul.
  3649 | D:8      | Reached skill level 5 in Dodging
  3716 | D:8      | Learned a level 4 spell: Olgreb's Toxic Radiance
  3730 | D:8      | Found Qehyl's Antique Weapon Shop.
  3788 | D:8      | Found a sacrificial altar of Ru.
  3882 | D:9      | Reached skill level 5 in Poison Magic
  3887 | D:9      | Reached XP level 11. HP: 44/78 MP: 7/25
  3943 | D:9      | Reached ** piety under Vehumet
  3945 | D:9      | Offered knowledge of Momentum Strike by Vehumet.
  3949 | D:10     | Entered Level 10 of the Dungeon
  4035 | D:10     | Found Xeun's Assorted Antiques.
  4114 | D:9      | Found a staircase to the Lair.
  4124 | D:9      | Reached skill level 9 in Fire Magic
  4136 | D:9      | Reached skill level 10 in Spellcasting
  4168 | D:9      | Offered knowledge of Static Discharge by Vehumet.
  4226 | D:9      | Found a blossoming altar of Fedhas.
  4354 | D:9      | Identified the +3 leather armour of Xom's Approval {rN+}
  4576 | D:10     | Learned a level 8 spell: Ignition
  4578 | D:10     | Bought a scroll of identify for 50 gold pieces
  4578 | D:10     | Bought an emerald potion for 22 gold pieces
  4578 | D:10     | Bought a scroll labelled ANOIWI QUIQU for 25 gold pieces
  4695 | D:10     | Reached skill level 10 in Fire Magic
  4785 | D:10     | Found a staircase to the Orcish Mines.
  4789 | D:10     | Reached *** piety under Vehumet
  4799 | D:10     | Offered knowledge of Stone Arrow by Vehumet.
  4814 | Orc:1    | Entered Level 1 of the Orcish Mines
  4814 | Orc:1    | Found Yseschud's Magic Scroll Shop.
  4822 | Orc:1    | Bought a scroll of identify for 30 gold pieces
  4822 | Orc:1    | Bought a scroll of enchant weapon for 112 gold pieces
  4822 | Orc:1    | Bought a scroll of blinking for 112 gold pieces
  4856 | Orc:1    | Noticed an orc knight
  4864 | Orc:1    | Killed an orc knight
  4865 | Orc:1    | Reached skill level 11 in Fire Magic
  4982 | Orc:1    | Reached XP level 12. HP: 85/85 MP: 23/27
  5085 | Orc:2    | Entered Level 2 of the Orcish Mines
  5118 | Orc:2    | Reached **** piety under Vehumet
  5120 | Orc:2    | Reached skill level 12 in Fire Magic
  5197 | Orc:2    | Noticed a sixfirhy
  5212 | Orc:2    | Noticed an orc high priest
  5219 | Orc:2    | Killed an orc high priest
  5243 | Orc:2    | Noticed an orc high priest
  5250 | Orc:2    | Killed an orc high priest
  5251 | Orc:2    | Reached skill level 13 in Fire Magic
  5253 | Orc:2    | Offered knowledge of Yara's Violent Unravelling by Vehumet.
  5266 | Orc:2    | Noticed an orc high priest
  5271 | Orc:2    | Noticed an orc high priest
  5274 | Orc:2    | Noticed a sun demon
  5282 | Orc:2    | HP: 4/85 [orc high priest/+0 dire flail (10)]
  5283 | Orc:2    | Mangled by a chaos spawn

Illustrated notes

Levels and vault maps discovered:
D:1:      tarquinn_simple_flora_water_e, layout_loops_ring, minmay_box_of_dots
D:2:      layout_rooms
D:3:      layout_basic, mainiacjoe_overflow_catwalk,
          nicolae_ecumenical_snake_handling, minmay_joined_circles, uniq_ijyb
D:4:      layout_loops_ring, nemelex_xobeh_ov_fountains_minmay,
          saegor_snake_ambush
D:5:      layout_rooms, temple_statues, solitary_fountain,
          hangedman_decor_peaks_small
D:6:      layout_basic, slow_altar_1, chequers_serial_rivers_room_b
D:7:      layout_basic, mainiacjoe_overflow_boulevard, ashenzari_altar_1
D:8:      layout_rooms, nicolae_yredelemnul_corpse_copse,
          nicolae_ru_path_of_blood, serial_shops,
          nicolae_shop_just_a_little_nook
D:9:      layout_cave_pools, lemuel_round_altar, minmay_lair_entry_grove,
          water_maze_lemuel
D:10:     layout_stronghold, david_orc_5, serial_shops, nicolae_stop_n_shop_1,
          minmay_statues_item, minmay_bent
Temple:   eino_narrow_crystal_temple
Orc:1:    layout_caves, serial_shops, shop
Orc:2:    st_orc_mages, layout_caves, nicolae_shop_vocational

Skill      XL: |  1  2  3  4  5  6  7  8  9 10 11 12 |
---------------+-------------------------------------+-----
Fire Magic     | 4 5 6 8 11 13 | 13.3
Dodging        | 3 4 5 6 |  6.1
Conjurations   | 3 4 5 6 7 |  7.1
Short Blades   | 3 5 |  5.3
Spellcasting   | 3 5 7 9 10 | 10.3
Evocations     | 3 |  3.0
Fighting       | 1 2 |  2.1
Staves         | 1 4 |  4.8
Poison Magic   | 6 7 |  7.5
Stealth        | |  1.4

Action                     |  1- 3 |  4- 6 |  7- 9 | 10-12 || total
---------------------------+-------+-------+-------+-------++-------
  Melee: Unarmed           |    20 |    12 |       |       ||    32
         Dagger            |       |    20 |    40 |       ||    60
         Lajatang          |       |       |    12 |    38 ||    50
   Cast: Foxfire           |    24 |    37 |    50 |    66 ||   177
         Scorch            |     1 |    24 |    51 |    55 ||   131
         Flame Wave        |       |       |     9 |    34 ||    43
         Olgreb's Toxic Ra |       |       |       |    15 ||    15
  Evoke: Wand              |       |       |       |     1 ||     1
    Use: Scroll            |     1 |     6 |       |    22 ||    29
         Potion            |       |     1 |     2 |     2 ||     5
 Armour: Robe              |     3 |    13 |    24 |    49 ||    89
  Dodge: Dodged            |    12 |    29 |    97 |   177 ||   315
